Map: [ESL] Crimson Court

Players

Spirit

  • Race: Terran Terran
  • Spawn Location: 1:00

MaxPax - Winner!

  • Race: Protoss Protoss
  • Spawn Location: 7:00

Event: ESL SC2 Masters 2024 Spring (Regional)

VOD

Have the link to the VOD?

Description

Time

  • Played on: May 4, 2024, 11:31 a.m.
  • Length: 19:46

All games in this series

Show
View Real Time Build Order
Export as new Build Order

Spirit Terran 

Build Orders: Cyclone Opening 

Get SALT Encoding   

  12  0:00  SCV  
  13  0:12  SCV  
  14  0:17  Supply Depot  
  14  0:24  SCV  
  15  0:39  SCV  
  15  0:40  Barracks  
  16  0:44  Refinery  
  16  0:51  SCV  
  17  1:03  SCV  
  18  1:15  SCV  
  19  1:27  Orbital Command, Marine  
  20  1:38  Command Center  
  20  1:50  Factory  
  20  1:53  SCV  
  21  1:57  Refinery  
  21  2:04  Barracks Reactor  
  21  2:05  SCV  
  22  2:10  Supply Depot  
  22  2:17  SCV  
  23  2:31  SCV  
  23  2:34  Cyclone  
  26  2:40  Starport  
  26  2:41  Marine  
  26  2:42  Marine  
  29  2:44  SCV  
  29  2:56  SCV  
  30  2:59  Marine  
  30  3:00  Marine  
  32  3:05  Orbital Command  
  32  3:08  SCV, Factory Tech Lab  
  33  3:17  Medivac  
  35  3:20  SCV, Refinery  
  35  3:22  Marine  
  37  3:27  Marine  
  37  3:32  SCV x2  
  37  3:33  Factory Tech Lab  
  40  3:40  Marine  
  41  3:44  SCV, Supply Depot  
  41  3:45  SCV  
  41  3:47  Supply Depot  
  43  3:55  Cloaking Field  
  43  3:56  Banshee  
  46  4:05  SCV  
  46  4:09  Marine  
  48  4:10  Marine  
  48  4:12  Siege Tank  
  48  4:13  SCV  
  53  4:17  SCV  
  53  4:21  Bunker  
  54  4:25  SCV  
  54  4:27  Marine x2  
  54  4:29  SCV  
  58  4:37  SCV, Supply Depot  
  59  4:39  Bunker  
  59  4:42  SCV  
  59  4:44  Siege Tank  
  62  4:56  SCV, Banshee, Marine x2  
  62  4:59  SCV  
  67  5:08  SCV  
  67  5:10  Supply Depot  
  67  5:11  SCV  
  67  5:14  Marine x2  
  69  5:16  Siege Tank  
  69  5:20  SCV  
  67  5:24  SCV  
  62  5:31  Marine x2  
  62  5:32  SCV  
  63  5:36  SCV  
  64  5:43  Banshee  
  64  5:48  SCV  
  64  5:49  Marine x2  
  71  5:54  Siege Tank  
  71  5:55  Barracks  
  71  5:56  SCV  
  74  6:01  SCV  
  75  6:07  Marine x2  
  75  6:08  SCV  
  75  6:09  Supply Depot  
  78  6:15  SCV  
  78  6:16  Barracks  
  74  6:19  Engineering Bay  
  74  6:20  SCV  
  74  6:23  Barracks  
  74  6:25  Marine x2  
  75  6:26  Siege Tank  
  75  6:30  SCV  
  77  6:33  SCV  
  77  6:34  Refinery  
  78  6:41  Engineering Bay  
  78  6:42  SCV  
  78  6:43  Marine x2  
  78  6:45  SCV  
  81  6:48  Supply Depot  
  80  6:54  SCV  
  80  6:58  Supply Depot  
  80  6:59  Supply Depot x2  
  80  7:00  Starport Reactor  
  81  7:04  Command Center  
  81  7:05  Barracks Tech Lab  
  80  7:16  Barracks Tech Lab  
  80  7:19  Terran Infantry Weapons Level 1  
  80  7:20  SCV, Marine x2  
  80  7:21  SCV  
  84  7:31  Marine  
  84  7:33  SCV x2  
  84  7:34  Stimpack  
  84  7:36  Barracks  
  86  7:37  Barracks  
  86  7:38  Marine x2  
  86  7:40  Combat Shield, Marine  
  89  7:45  Supply Depot  
  89  7:46  Supply Depot  
  86  7:51  Supply Depot  
  86  7:53  Marine  
  86  7:54  SCV, Medivac  
  86  7:56  Medivac, Marine  
  90  8:06  SCV, Marine  
  90  8:09  Marauder  
  90  8:10  SCV  
  90  8:12  Marauder  
  97  8:17  Orbital Command  
  97  8:19  Siege Tank  
  100  8:23  Marine  
  100  8:25  Barracks Reactor  
  100  8:27  Missile Turret  
  101  8:28  SCV  
  101  8:30  Marauder  
  101  8:33  Marine  
  101  8:34  Marauder  
  107  8:36  Medivac x2  
  107  8:41  Marine  
  113  8:48  SCV  
  113  8:51  Orbital Command, Marauder, Marine  
  113  8:53  Siege Tank  
  113  8:55  Marauder  
  121  8:57  SCV  
  121  8:59  Concussive Shells  
  121  9:00  Supply Depot x2, Marine  
  123  9:03  Marine  
  123  9:04  Marauder  
  123  9:09  SCV  
  125  9:11  SCV  
  125  9:12  Viking x2  
  130  9:19  SCV  
  130  9:23  Bunker, Refinery  
  131  9:25  Refinery  
  131  9:28  Terran Infantry Armor Level 1  
  131  9:29  Ghost Academy, Marine  
  131  9:33  SCV  
  131  9:35  Marauder x2  
  137  9:39  Marauder, Marine  
  137  9:44  SCV, Supply Depot  
  137  9:45  Supply Depot  
  140  9:49  Marine  
  140  9:52  SCV x2  
  143  9:55  Marine  
  143  9:56  Marauder x2  
  143  9:57  SCV  
  143  9:59  Marine  
  135  10:00  Marine  
  135  10:01  Marauder  
  135  10:04  SCV  
  128  10:07  Marine  
  128  10:13  Marine  
  116  10:14  SCV  
  116  10:16  SCV  
  116  10:18  Marauder x2  
  121  10:22  Marauder  
  121  10:24  Marine  
  121  10:25  SCV  
  123  10:29  Barracks Reactor  
  123  10:30  Command Center  
  123  10:33  SCV  
  123  10:35  SCV  
  124  10:38  SCV, Ghost x2  
  124  10:42  Armory  
  129  10:43  Engineering Bay, Marine  
  129  10:45  Marine  
  129  10:46  Marauder  
  133  10:59  SCV  
  133  11:00  Marine  
  133  11:03  Marine  
  136  11:05  Siege Tank  
  136  11:06  Marine  
  136  11:07  Marine, Marauder  
  136  11:08  Marauder  
  136  11:10  Viking x2  
  148  11:12  Marine  
  147  11:18  Marine  
  147  11:21  Marine  
  147  11:24  Marine  
  148  11:25  SCV  
  148  11:26  Marauder  
  148  11:28  Marine x2  
  148  11:30  Marine  
  148  11:36  Marine  
  148  11:39  Marine  
  142  11:42  Marine  
  142  11:43  SCV x2  
  142  11:46  Marine, Marauder  
  144  11:47  Marauder  
  144  11:48  Marine  
  144  11:52  SCV  
  139  11:54  Marine  
  139  11:55  SCV  
  139  11:57  Marine  
  139  12:00  Marine  
  143  12:02  SCV  
  143  12:04  SCV  
  143  12:05  Marauder  
  143  12:07  SCV  
  143  12:08  Planetary Fortress  
  148  12:14  SCV  
  149  12:16  SCV  
  149  12:18  Missile Turret  
  149  12:21  SCV  
  151  12:25  Sensor Tower, Marauder  
  151  12:26  SCV  
  155  12:30  Orbital Command  
  155  12:34  Marine  
  155  12:35  Marine  
  143  12:38  Marauder, Marine  
  143  12:39  SCV  
  143  12:41  Medivac x2  
  147  12:45  Marauder  
  147  12:47  Marine  
  147  12:48  SCV  
  149  12:51  SCV  
  149  12:54  SCV  
  150  12:59  SCV  
  150  13:00  Sensor Tower  
  150  13:05  SCV x2  
  150  13:11  Terran Infantry Weapons Level 2  
  151  13:14  Ghost  
  151  13:18  Medivac x2  
  156  13:20  Marauder, Marine  
  156  13:25  Marine  
  156  13:26  Marine  
  161  13:31  SCV x2  
  161  13:32  SCV x2  
  165  13:34  Marine  
  165  13:38  Marine  
  165  13:39  Barracks  
  167  13:42  Marauder  
  167  13:43  SCV, Marauder, Marine  
  173  13:50  Sensor Tower  
  173  13:51  SCV  
  173  13:52  Unknown  
  173  13:53  SCV  
  173  13:55  Marine  
  176  13:57  SCV  
  176  14:02  SCV  
  178  14:03  Marauder  
  178  14:06  Terran Infantry Armor Level 2  
  178  14:08  Supply Depot  
  180  14:10  Marauder  
  180  14:12  SCV  
  180  14:13  Marine  
  184  14:20  Marine  
  175  14:24  Marine  
  175  14:25  Marauder  
  175  14:26  Marine  
  175  14:30  SCV x4  
  175  14:31  Marine  
  181  14:32  Marauder  
  181  14:34  Medivac  
  177  14:41  Siege Tank  
  177  14:42  SCV  
  177  14:43  Marine  
  179  14:46  Marauder  
  179  14:47  Marine, Orbital Command  
  179  14:51  Marine  
  176  14:53  Marauder  
  176  14:54  Marine  
  176  14:56  Medivac  
  175  15:01  SCV x2, Marine  
  175  15:05  Marine  
  177  15:07  Marauder  
  177  15:11  SCV  
  177  15:12  Medivac  
  177  15:13  Marine  
  180  15:15  Marauder  
  180  15:20  Refinery  
  174  15:21  SCV  
  174  15:22  Sensor Tower  
  174  15:26  Liberator  
  174  15:28  SCV  
  179  15:29  Marauder  
  181  15:40  Siege Tank  
  181  15:42  Liberator  
  187  15:45  Supply Depot  
  187  15:51  Supply Depot  
  187  15:52  Terran Infantry Weapons Level 3  
  187  16:01  Supply Depot  
  187  16:04  SCV  
  188  16:06  Ghost x2  
  188  16:07  SCV x3  
  195  16:13  Liberator  
  195  16:16  Command Center  
  197  16:26  Command Center  
  198  16:33  Terran Ship Weapons Level 1  
  198  16:34  SCV x2, Starport  
  198  16:35  Fusion Core  
  199  16:43  SCV  
  200  16:57  Command Center  
  200  17:11  Marauder  
  198  17:20  Marine  
  198  17:21  Marauder  
  194  17:23  Marine  
  194  17:25  Liberator  
  194  17:27  Marine  
  199  17:30  Starport Reactor  
  199  17:31  Marine  
  199  17:35  SCV, Barracks  
  199  17:36  Marine  
  200  17:37  Barracks  
  200  17:39  Barracks  
  200  17:45  Marine  
  200  17:50  Marauder, Marine  
  192  17:51  SCV, Missile Turret  
  192  17:52  Marine x2  
  192  17:54  Ghost, Missile Turret  
  185  18:03  Marine  
  165  18:07  Marine  
  165  18:10  Marine x2  
  165  18:11  Ghost  
  150  18:21  Marine  
  150  18:23  Marine  
  150  18:25  Marine  
  132  18:28  Marine x2, Orbital Command  
  132  18:29  Barracks Tech Lab  
  132  18:30  Barracks Tech Lab  
  132  18:31  Barracks Tech Lab  
  131  18:36  Medivac  
  131  18:37  SCV  
  131  18:39  Marine x2  
  131  18:40  Marine  
  131  18:41  SCV x2, Orbital Command  
  135  18:43  Marine  
  135  18:46  Marine x2  
  138  18:56  SCV x2, Marine  
  138  18:57  SCV  
  138  18:58  Ghost, Marauder  
  138  19:00  Ghost  
  138  19:01  Marine  
  146  19:03  Marine  
  146  19:07  Ghost  
  146  19:08  SCV  
  150  19:15  Ghost  
  147  19:19  Marauder  
  147  19:22  Marine  
  147  19:23  Marauder  
  129  19:31  SCV x2  
Show
View Real Time Build Order
Export as new Build Order

MaxPax Protoss - Winner!

Build Orders: 1 Gate Expand, Blink Stalkers 

Get SALT Encoding   

  12  0:00  Probe  
  13  0:12  Probe  
  14  0:17  Pylon  
  14  0:24  Probe (Chrono Boost)  
  16  0:36  Probe (Chrono Boost), Gateway  
  16  0:43  Probe (Chrono Boost)  
  16  0:45  Assimilator  
  17  0:51  Probe  
  18  1:03  Probe  
  19  1:15  Probe  
  20  1:22  Cybernetics Core  
  20  1:29  Nexus  
  20  1:33  Probe  
  21  1:40  Pylon  
  21  1:45  Probe  
  22  1:47  Assimilator  
  22  1:55  Adept (Chrono Boost)  
  22  1:57  Probe  
  22  1:59  Warp Gate  
  25  2:09  Probe  
  26  2:15  Adept (Chrono Boost)  
  26  2:21  Probe  
  29  2:24  Twilight Council  
  29  2:35  Probe (Chrono Boost)  
  30  2:41  Probe (Chrono Boost), Gateway  
  33  2:51  Probe x2 (Chrono Boost)  
  33  2:55  Blink (Chrono Boost)  
  33  2:56  Probe (Chrono Boost)  
  33  2:58  Probe  
  35  3:08  Probe  
  35  3:10  Probe  
  37  3:19  Robotics Facility  
  37  3:20  Probe  
  37  3:22  Probe, Gateway  
  39  3:30  Gateway  
  39  3:32  Probe  
  41  3:34  Probe  
  41  3:39  Pylon  
  41  3:46  Probe  
  41  3:47  Stalker x2  
  46  3:52  Pylon  
  46  3:57  Probe  
  46  3:58  Probe  
  48  4:06  Pylon  
  48  4:07  Warp Prism (Chrono Boost)  
  48  4:09  Probe  
  47  4:12  Probe  
  47  4:14  Assimilator  
  50  4:20  Stalker x2  
  50  4:24  Stalker  
  56  4:28  Stalker  
  58  4:38  Observer  
  59  5:01  Stalker x4  
  59  5:03  Nexus  
  67  5:07  Probe x2  
  67  5:09  Pylon  
  67  5:10  Pylon  
  68  5:19  Probe  
  64  5:25  Probe  
  64  5:26  Stalker x3  
  68  5:34  Probe  
  63  5:38  Probe  
  64  5:45  Observer (Chrono Boost)  
  64  5:46  Probe  
  66  5:51  Probe  
  67  5:58  Stalker x3  
  67  5:59  Stalker  
  67  6:02  Probe  
  76  6:05  Probe  
  75  6:14  Probe  
  75  6:16  Charge (Chrono Boost)  
  75  6:17  Probe x2  
  78  6:26  Probe  
  78  6:29  Probe  
  81  6:36  Stalker x4  
  81  6:38  Probe  
  89  6:42  Probe  
  89  6:44  Observer  
  90  6:49  Probe (Chrono Boost)  
  91  6:55  Probe (Chrono Boost)  
  91  7:01  Probe (Chrono Boost)  
  94  7:04  Probe (Chrono Boost)  
  94  7:06  Probe (Chrono Boost)  
  96  7:08  Probe (Chrono Boost)  
  96  7:11  Forge, Probe x2 (Chrono Boost)  
  96  7:15  Probe, Gateway  
  98  7:18  Gateway  
  98  7:20  Gateway  
  98  7:21  Probe  
  98  7:22  Probe  
  98  7:27  Probe  
  93  7:33  Probe  
  93  7:34  Probe  
  93  7:35  Protoss Ground Weapons Level 1 (Chrono Boost)  
  93  7:37  Stalker x3  
  93  7:39  Probe  
  100  7:45  Probe  
  101  7:54  Gateway  
  101  7:56  Robotics Bay  
  101  8:00  Probe  
  101  8:01  Pylon  
  101  8:03  Shield Battery  
  101  8:04  Assimilator  
  101  8:10  Shield Battery  
  101  8:12  Pylon  
  101  8:14  Shield Battery  
  101  8:15  Pylon  
  101  8:19  Immortal (Chrono Boost), Probe x3  
  108  8:25  Pylon  
  108  8:27  Observer  
  108  8:28  Pylon  
  108  8:31  Pylon  
  108  8:32  Sentry x2  
  112  8:40  Zealot x5  
  122  8:42  Zealot x2  
  122  8:43  Zealot x2  
  122  8:47  Colossus (Chrono Boost)  
  126  8:49  Extended Thermal Lance (Chrono Boost)  
  126  8:53  Zealot x2  
  130  9:03  Pylon  
  128  9:13  Zealot x7  
  128  9:14  Zealot  
  144  9:19  Observer  
  144  9:26  Nexus  
  144  9:32  Colossus (Chrono Boost)  
  150  9:38  Pylon  
  150  9:43  Protoss Ground Weapons Level 2, Probe x2  
  150  9:44  Probe  
  133  10:00  Stalker  
  133  10:01  Zealot x2, Stalker x3  
  133  10:03  Probe  
  133  10:05  Probe  
  139  10:12  Probe  
  115  10:15  Probe, Colossus (Chrono Boost)  
  115  10:17  Probe  
  119  10:24  Probe  
  119  10:27  Templar Archives  
  119  10:28  Probe  
  117  10:33  Observer, Probe (Chrono Boost)  
  118  10:36  Unknown  
  118  10:39  Shield Battery  
  118  10:40  Probe (Chrono Boost)  
  121  10:45  Sentry, Probe x2 (Chrono Boost)  
  121  10:46  Probe (Chrono Boost)  
  125  10:52  Sentry, Probe (Chrono Boost), Forge  
  125  10:53  Probe (Chrono Boost)  
  125  10:55  Zealot x3  
  125  10:56  Zealot  
  136  11:01  Colossus (Chrono Boost)  
  136  11:21  Gateway  
  136  11:22  Gateway  
  136  11:23  Zealot x6  
  142  11:32  High Templar x2  
  140  11:34  Observer  
  142  11:41  Archon  
  142  11:44  Archon, Colossus (Chrono Boost)  
  138  11:47  Observer  
  138  11:51  Zealot x6  
  144  12:10  Zealot x2  
  144  12:12  Nexus  
  144  12:14  Zealot x2  
  152  12:18  Zealot x2, High Templar x2  
  156  12:23  Zealot  
  156  12:24  Archon  
  157  12:39  Disruptor (Chrono Boost)  
  159  12:50  Probe x2  
  159  12:52  Probe  
  159  12:53  Pylon  
  159  12:56  Robotics Facility  
  160  13:02  Probe x2  
  160  13:04  Probe  
  163  13:08  Warp Prism (Chrono Boost)  
  165  13:14  Probe  
  165  13:17  Protoss Ground Weapons Level 3 (Chrono Boost)  
  162  13:20  Probe x2  
  162  13:21  Zealot x4  
  162  13:22  Pylon  
  172  13:28  Protoss Ground Armor Level 1 (Chrono Boost)  
  172  13:42  Disruptor (Chrono Boost)  
  172  13:44  Nexus, Probe x2  
  172  13:45  Disruptor (Chrono Boost), Probe  
  180  13:48  Probe  
  180  13:55  Zealot x4  
  186  13:56  Probe  
  183  14:04  Zealot x4  
  183  14:06  Probe x2  
  183  14:08  Probe x2  
  195  14:12  Unknown  
  183  14:27  Zealot x4, Stalker x5  
  183  14:30  Probe  
  186  14:33  Probe x2  
  186  14:35  Disruptor (Chrono Boost)  
  186  14:36  Probe  
  188  14:42  Probe  
  191  14:45  Probe  
  191  14:48  Disruptor (Chrono Boost)  
  176  15:00  Probe x2  
  176  15:01  Probe x2  
  176  15:05  Zealot x5, Dark Shrine  
  188  15:08  Disruptor (Chrono Boost)  
  188  15:12  Probe x3  
  189  15:22  Photon Cannon  
  189  15:24  Probe  
  189  15:25  Protoss Ground Armor Level 2 (Chrono Boost), Shield Battery  
  189  15:27  Pylon  
  188  15:29  Probe x2  
  188  15:30  Probe x2  
  192  16:05  Assimilator  
  192  16:06  Gateway  
  192  16:08  Observer x2, Gateway  
  193  16:14  Nexus  
  193  16:16  Pylon  
  194  16:24  Observer  
  194  16:31  Observer x2  
  194  16:32  Observer  
  194  16:33  Shadow Stride (Chrono Boost)  
  194  16:38  Gateway  
  196  16:40  Gateway  
  196  16:41  Stalker x2  
  196  16:44  Photon Cannon  
  200  16:47  Photon Cannon, Shield Battery  
  200  16:49  Pylon  
  200  16:50  Photon Cannon  
  200  16:51  Observer  
  200  17:07  Stalker x3  
  194  17:22  Dark Templar x6  
  196  17:27  Zealot x3  
  192  17:30  Probe x2  
  190  17:53  Zealot x5  
  190  17:57  Pylon  
  184  18:09  Stalker x7  
  184  18:11  Zealot  
  196  18:15  Zealot x6  
  136  18:31  Probe x3  
  136  18:33  Zealot x2, Observer  
  136  18:34  Zealot x3  
  133  18:37  Zealot x9  
  133  18:38  Probe x3  
  153  18:41  Unknown  
  153  18:43  Probe x3  
  156  18:50  Probe x2  
  156  18:55  Probe  
  155  19:07  Dark Templar x2  
  155  19:08  Zealot x10  
  155  19:09  Probe x2  
  179  19:14  Probe  
  178  19:20  Probe  
  172  19:25  Probe  
  172  19:26  Probe x2  
Tags
 
Add a new tag
Caveats
  • Supply blocks, unpowered buildings, or Contaminate may cause inaccurate times.
  • Supply counts are checked every 10 seconds.